 Dungeon Crawl Stone Soup version 0.31-a0-851-g7ff8af7976 (webtiles) character file.

Game seed: 9393099173114158753

31 Kurtz the Sneak (level 3, -1/29 HPs)
             Began as a Mummy Delver on Oct 6, 2023.
             Was an Initiate of Makhleb.
             Slain by Natasha (3 damage)
             ... on level 2 of the Dungeon.
             The game lasted 00:01:08 (412 turns).

Kurtz the Sneak (Mummy Delver)                       Turns: 412, Time: 00:01:09

Health: -1/29      AC:  8    Str: 17    XL:     3   Next: 7%
Magic:  3/3        EV:  7    Int:  9    God:    Makhleb [......]
Gold:   50         SH:  0    Dex: 13    Spells: 2/2 levels left

rFire   . . .        a - +0 hand axe
rCold   + + .        (no shield)
rNeg    + + +        h - +0 chain mail
rPois   ∞            (no helmet)
rElec   .            i - scarf {rC+ rF+}
rCorr   .            (no gloves)
SInv    .            (no boots)
Will    .....        (no amulet) Stlth
                     (no ring)
HPRegen 0.24/turn    (no ring)
MPRegen 0.08/turn

%: faith
@: no status effects
A: cold resistance 1, negative energy resistance 3, torment resistance 2, heat
vulnerability 1, in touch with death 1, no potions, faith
a: Renounce Religion


You were on level 2 of the Dungeon.
You worshipped Makhleb.
Makhleb was noncommittal.
You visited 1 branch of the dungeon, and saw 4 of its levels.

You collected 50 gold pieces.

Inventory:

Hand Weapons
 a - a +0 hand axe (weapon)
Armour
 h - a +0 chain mail (worn)
 i - a scarf of resistance (worn)
Wands
 f - a wand of digging (3)
Scrolls
 c - a scroll of fog
 d - 2 scrolls of revelation
 g - a scroll of blinking {unknown}


   Skills:
 - Level 3.0 Fighting
 * Level 2.5 Axes
 - Level 1.5 Dodging
 - Level 4.1 Stealth
 * Level 1.2 Invocations


You had 2 spell levels left.
You didn't know any spells.
Your spell library was empty.

Dungeon Overview and Level Annotations

Branches:
Dungeon (5/15)
 Temple: D:4-7

Altars:
Makhleb

Annotations:
D:2 Natasha
D:3 Robin
D:4 Edmund


Innate Abilities, Weirdness & Mutations

You are immune to poison.
Your flesh is cold resistant. (rC+)
You are immune to negative energy. (rN+++)
You are immune to unholy pain and torment.
You are vulnerable to heat. (rF-)
You are in touch with the powers of death.
You do not drink.
You have a special connection with the divine. (Faith)


Message History

The bat hits you but does no damage. The adder bites you.
You hit the adder.
The adder is moderately wounded.
You hit the bat.
You kill the bat!
Makhleb accepts your kill. The adder bites you but does no damage.
The adder bites you.
* * * LOW HITPOINT WARNING * * *
You hit the adder.
The adder is severely wounded.
The adder completely misses you.
You closely miss the adder.
The adder is severely wounded.
The adder bites you but does no damage. x2
You hit the adder.
The adder is almost dead.
The adder barely misses you.
Unknown command.
Natasha hisses angrily.
The jackal barks!
You hit the adder.
You kill the adder!
Makhleb accepts your kill.
You have reached level 3!
Your experience leads to an increase in your attributes!
Increase (S)trength, (I)ntelligence, or (D)exterity?
You feel stronger. x2
Natasha claws you.
* * * LOW HITPOINT WARNING * * *
You slash Natasha!
Natasha is heavily wounded.
Natasha closely misses you.
You hit Natasha but do no damage.
Natasha is heavily wounded.
Natasha claws you.
* * * LOW HITPOINT WARNING * * *
You closely miss Natasha.
Natasha is heavily wounded.
Natasha claws you.
You die...
Natasha curls up and begins to purr.

#...............
.................##
###.5.......#.5...####
#.h..:.....#........
......<..............
.............##.......
####..................
h #h#....... ...
#@..#.....
.#..####h.......
.......#)†.#....
#..........# ..
.##.....†......
###.#.........
#............
#.##?....#... ..
#.....#...


You could see Natasha and a jackal.

Vanquished Creatures
  An adder (D:2)
  2 worms (D:2)
  A dart slug (D:2)
  A bat (D:2)
  A giant cockroach (D:2)
  2 goblins (D:2)
  A hobgoblin (D:3)
  2 jackals (D:2)
  A kobold (D:2)
  A quokka (D:2)
  A ball python (D:2)
14 creatures vanquished.

Notes
Turn   | Place    | Note
-------+----------+-------------------------------------------
     0 | D:5      | Kurtz the Mummy Delver began the quest for the Orb.
     0 | D:5      | Reached XP level 1. HP: 18/18 MP: 1/1
    20 | D:5      | Found a burning altar of Makhleb.
    25 | D:5      | Became a worshipper of Makhleb the Destroyer
    36 | D:4      | Noticed a black bear
    37 | D:4      | Noticed Edmund
   205 | D:2      | Reached XP level 2. HP: 4/24 MP: 2/2
   299 | D:2      | Reached skill level 1 in Invocations
   319 | D:2      | Noticed Natasha
   328 | D:3      | Noticed Robin
   409 | D:2      | Reached XP level 3. HP: 8/29 MP: 3/3
   412 | D:2      | Slain by Natasha

Illustrated notes

Levels and vault maps discovered:
D:2:      layout_rooms, uniq_natasha
D:3:      cheibrodos_greedy_goblins, layout_basic, fountainhead, uniq_robin,
          uniq_ijyb, uniq_sigmund, uniq_terence
D:4:      layout_rooms, lemuel_round_altar, ebering_ghost_sewer_d, serial_glass,
          glass_columns_b, glass_columns_a, glass_columns_b, glass_columns_a,
          kennysheep_dice, uniq_edmund, uniq_eustachio
D:5:      layout_cave_pools, lemuel_crystal_altar

Skill      XL: |  1  2 |
---------------+-------+-----
Axes           | 2 |  2.5
Invocations    | 1 |  1.2
Fighting       | |  3.0
Dodging        | |  1.5
Stealth        | |  4.1

Action                     || total
---------------------------++-------
  Melee: Hand axe          ||    53
    Use: Scroll            ||     1
 Armour: Chain mail        ||    97
         Leather armour    ||     1
  Dodge: Dodged            ||    48

Table legend: (Time is in decaauts)
 A = Elapsed time spent in this place.
 B = Non-inter-level travel time spent in this place.
 C = Inter-level travel time spent in this place.
 D = Time resting spent in this place.
 E = Time spent auto-exploring this place.
 F = Levels seen in this place.
 G = Mean time per level.
                   A        B        C        D        E       F      G
               +--------+--------+--------+--------+--------+-----+--------+
         Total |    423 |    407 |     16 |     83 |    118 |   4 |  105.8 |
       Dungeon |    423 |    407 |     16 |     83 |    118 |   4 |  105.8 |
               +--------+--------+--------+--------+--------+-----+--------+

Top non-repeatable levels by time:
     D:3: 232 daAuts
     D:2: 143 daAuts
     D:5: 36 daAuts
     D:4: 10 daAuts
